 Dungeon Crawl Stone Soup version 0.26-a0-259-g1effd001a9 (webtiles) character file.

Game seed: 9933061429930658382

801 Ge0ff the Cutter (level 7, -2/56 HPs)
             Began as a Black Draconian Earth Elementalist on July 15, 2020.
             Was an Initiate of Ashenzari.
             Slain by an ice beast (11 damage)
             ... on level 5 of the Dungeon.
             The game lasted 00:18:54 (6323 turns).

Ge0ff the Cutter (DrEE)                             Turns: 6323, Time: 00:18:55

Health: -2/56      AC:  8    Str: 10    XL:     7   Next: 59%
Magic:  11/12      EV: 12    Int: 17    God:    Ashenzari [......]
Gold:   247        SH:  0    Dex: 12    Spells: 6/12 levels left

rFire    . . .     SeeInvis .   a - +1 short sword (elec) (curse)
rCold    . . .     Faith    .   (no shield)
rNeg     . . .     Spirit   .   (armour unavailable)
rPois    .         Reflect  .   (helmet restricted)
rElec    +         Harm     .   (no cloak)
rCorr    .                      P - +0 pair of gloves (curse)
MR       .....                  U - +0 pair of boots (curse)
Stlth    ++........             D - amulet of magic regeneration (curse)
HPRegen  0.18/turn              (no ring)
MPRegen  0.38/turn              (no ring)

@: slowed, very slow
A: breathe lightning, unfitting armour, electricity resistance, cold-blooded, AC
+6
a: Breathe Lightning, Curse Item, Renounce Religion


You were on level 5 of the Dungeon.
You worshipped Ashenzari.
Ashenzari was noncommittal.
You were full.

You visited 2 branches of the dungeon, and saw 6 of its levels.
You also visited: Sewer.

You collected 247 gold pieces.

Inventory:

Hand Weapons
 a - a cursed +1 short sword of electrocution (weapon)
 b - a +2 dagger of freezing
 Y - a +1 war axe of flaming
Missiles
 J - 49 stones (quivered)
 R - 10 boomerangs
 V - 69 arrows
 W - 18 poisoned darts
Armour
 P - a cursed +0 pair of gloves (worn)
 U - a cursed +0 pair of boots (worn)
Jewellery
 D - a cursed amulet of magic regeneration (around neck)
 E - an uncursed ring of fire
Wands
 e - a wand of enslavement (8)
Scrolls
 m - 6 scrolls of magic mapping
 B - 3 scrolls of blinking
 F - 3 scrolls of fog
 M - a scroll of amnesia {unknown}
 S - a scroll of fear {unknown}
 T - 6 scrolls of teleportation
 Z - a scroll of enchant armour
Potions
 q - 8 potions of curing
 G - a potion of heal wounds {unknown}
 H - a potion of haste {!q}
 I - 4 potions of magic {unknown}
 K - a potion of ambrosia {unknown}
 L - 2 potions of might {unknown}
 N - 2 potions of cancellation {!q}
 O - a potion of brilliance {unknown}
 Q - a potion of lignification {unknown}
 X - a potion of flight
Comestibles
 r - 20 rations


   Skills:
 + Level 2.7 Fighting
 + Level 4.2 Short Blades
 - Level 2.0 Dodging
 - Level 2.0 Stealth
 + Level 3.4 Spellcasting
 * Level 3.8 Conjurations
 - Level 1.0 Transmutations
 * Level 4.1 Earth Magic


You had 6 spell levels left.
You knew the following spells:

 Your Spells              Type           Power        Failure   Level
k - Sandblast             Erth           ###...       3%          1
m - Stone Arrow           Conj/Erth      ###...       10%         3
w - Passwall              Tmut/Erth      ##......     9%          2

Your spell library contained the following spells:

 Spells                   Type           Power        Failure   Level
 Petrify                  Tmut/Erth      ##......     50%         4
 Lee's Rapid Deconstruct  Erth           ###.......   65%         5


Dungeon Overview and Level Annotations

Branches:
Dungeon (5/15)             Temple (1/1) D:4           Sewer (visited)

Altars:
Ashenzari
Dithmenos
Elyvilon
Fedhas
Hepliaklqana
Makhleb
Nemelex Xobeh
Okawaru
Sif Muna
Trog
Wu Jian
Xom
Yredelemnul
Beogh

Annotations:
D:3 3 runed translucent doors (d.trident, Freeze ghost), exclusion: 3 doors, vurker's ghost, amateur DrIE


Innate Abilities, Weirdness & Mutations

You can breathe wild blasts of lightning.
Your glossy black scales are hard. (AC +6)
You cannot fit into any form of body armour.
You are resistant to electric shocks. (rElec)
You are cold-blooded and may be slowed by cold attacks.


Message History

You feel yourself speed up. The ice beast closely misses you.
The ice beast barely misses you.
You barely miss the ice beast.
The ice beast is almost dead.
The ice beast hits you. The ice beast freezes you!
You feel yourself slow down.
* * * LOW HITPOINT WARNING * * *
Casting: Sandblast (safe; 3% risk of failure)
Confirm with . or Enter, or press ? or * to list all spells.
Aiming: Sandblast (safe; 3% risk of failure)
Press: ? - help, Shift-Dir - straight line, f/p - ice beast
Aim: an ice beast (almost dead)
The blast of sand hits the ice beast.
The ice beast is almost dead.
J - 49 stones The ice beast hits you.
* * * LOW HITPOINT WARNING * * *
The ice beast freezes you!
You feel as though you will be slow longer.
You die...

## #..
.... #(.
.... .(.
### #.# #
..# # #.#
# #Y# #
####@# #
##.##.# ##
###...#.##
####.
#........+
+....
#.#...#.##
####.
##.....##
##
#......# #
#.....## #
# #..#.##
#+# #


You could see an ice beast.

Vanquished Creatures
  Duvessa (D:4)
  2 bullfrogs (Sewer)
  Dowan (D:4)
  3 orc wizards (D:3)
  An orc priest (D:4)
  2 worker ants (D:4)
  A worker ant zombie (D:3)
  13 adders
  4 river rats (Sewer)
  A white imp (D:5)
  An ufetubus (D:5)
  3 oozes
  An adder zombie (D:5)
  5 worms
  5 leopard geckos
  12 orcs
  12 ball pythons
  13 bats
  2 giant cockroaches (D:1)
  7 goblins
  4 hobgoblins
  4 jackals
  8 kobolds
  4 quokkas
  11 frilled lizards
  2 quokka skeletons
  28 rats
151 creatures vanquished.

Notes
Turn   | Place    | Note
-------+----------+-------------------------------------------
     0 | D:1      | Ge0ff the Draconian Earth Elementalist began the quest for
                  | the Orb.
     0 | D:1      | Reached XP level 1. HP: 14/14 MP: 3/3
   387 | D:1      | Reached XP level 2. HP: 20/20 MP: 0/5
   671 | D:1      | Reached skill level 1 in Short Blades
   741 | D:1      | Reached skill level 1 in Fighting
   801 | D:1      | Reached XP level 3. HP: 27/28 MP: 1/6
   950 | D:1      | Learned a level 3 spell: Stone Arrow
   994 | D:2      | Found a bloodstained altar of Trog.
  1000 | D:2      | Found a white marble altar of Elyvilon.
  1002 | D:2      | Found a shimmering blue altar of Sif Muna.
  1004 | D:2      | Found a shadowy altar of Dithmenos.
  1404 | D:2      | Found an iron altar of Okawaru.
  1530 | D:2      | Reached XP level 4. HP: 30/35 MP: 1/7
  2174 | D:3      | Reached skill level 1 in Conjurations
  2370 | D:3      | Reached XP level 5. HP: 41/41 MP: 8/8
  2730 | D:3      | Found a runed translucent gate.
  2731 | D:3      | Found a runed translucent gate.
  2731 | D:3      | Noticed vurker's ghost (amateur DrIE)
  2732 | D:3      | Found a runed translucent gate.
  2738 | D:3      | Found a roughly hewn altar of Beogh.
  2832 | D:4      | Learned a level 2 spell: Passwall
  2837 | D:4      | Noticed Duvessa
  2845 | D:4      | Noticed Dowan
  3756 | D:4      | Reached XP level 6. HP: 48/48 MP: 8/10
  4029 | D:4      | Killed Duvessa
  4133 | D:4      | Killed Dowan
  4339 | D:4      | Found a staircase to the Ecumenical Temple.
  4350 | Temple   | Entered the Ecumenical Temple
  4420 | Temple   | Became a worshipper of Ashenzari the Shackled
  4906 | D:5      | Entered Level 5 of the Dungeon
  4916 | D:5      | Found a glowing drain.
  4971 | Sewer    | Entered a sewer
  5061 | Sewer    | Your scales start taking on a glossy black colour.
  5061 | Sewer    | Reached XP level 7. HP: 55/55 MP: 8/11
  5061 | Sewer    | Gained mutation: You are resistant to electric shocks.
                  | (rElec) [Black Draconian growth]
  6323 | D:5      | Slain by an ice beast

Illustrated notes

Levels and vault maps discovered:
D:1:      lightli_arrival_quake, layout_rooms
D:2:      layout_loops_ring, lemuel_crystal_altar, minitemple,
          minmay_misc_feat_x
D:3:      layout_basic, biasface_ghost_orc_armoury, first_ration
D:4:      layout_basic, minmay_temple_entry_waves, dk_vineyard_1, uniq_duvessa
D:5:      layout_loops_corners, cheibrodos_sewer_entry_bend, serial_bayou_pond_d
Temple:   regret_index_temple_generic_petals

Skill      XL: |  1  2  3  4  5  6  7 |
---------------+----------------------+-----
Short Blades   | 1 2 3 4 |  4.2
Fighting       | 1 2 |  2.7
Stealth        | 2 |  2.0
Conjurations   | 1 2 3 |  3.8
Earth Magic    | 4 3 4 |  4.1
Spellcasting   | 3 |  3.4
Dodging        | 2 |  2.0
Transmutations | |  1.0

Action                   |  1- 3 |  4- 6 |  7- 9 || total
-------------------------+-------+-------+-------++-------
Melee: Unarmed           |    17 |       |       ||    17
       Tailslap          |     4 |     8 |     5 ||    17
       Short sword       |    71 |   120 |    67 ||   258
Throw: Stone             |     3 |    12 |    13 ||    28
 Cast: Sandblast         |    18 |    73 |    36 ||   127
Invok: Curse Item        |       |     1 |     3 ||     4
 Abil: Breathe Lightning |       |       |     2 ||     2
  Use: Scroll            |     4 |     7 |       ||    11
 Stab: Sleeping          |     4 |     7 |       ||    11
  Eat: Ration            |     2 |     2 |     2 ||     6
Armor: Skin              |    46 |    40 |    23 ||   109
Dodge: Dodged            |    53 |    81 |    40 ||   174

Table legend:
 A = Non-vault XP
 B = Vault XP
 C = Vault XP percentage of total XP
 D = Non-vault monster count
 E = Vault monster count
 F = Vault count percentage of total count
                 A         B        C        D         E       F
            +---------+---------+-------+---------+---------+-------
      Total |     513 |     632 |  55.2 |      99 |      52 |  34.4
            +---------+---------+-------+---------+---------+-------
        D:1 |      41 |       0 |   0.0 |      26 |       0 |   0.0
        D:2 |      61 |       0 |   0.0 |      17 |       0 |   0.0
        D:3 |     231 |       0 |   0.0 |      33 |       0 |   0.0
        D:4 |     133 |     232 |  63.6 |      14 |       2 |  12.5
        D:5 |      47 |      10 |  17.5 |       9 |       2 |  18.2
      Sewer |       0 |     390 | 100.0 |       0 |      48 | 100.0
            +---------+---------+-------+---------+---------+-------
